FIQ, neutral male gnomish Wizard -------- ---- ---- |..<...| .. ..| |......| ..-----..| |..%...| ..|(((|..+ ###.......| ..|(((|..| |......| -.|...|..|`############.......| |.-|---..|# -------- |........|# - -----..-----.|# |........-..]|..## -|---....|.!%|.|## |---.-----.| |Gu-.......| | |.F|..G..... ..........| ----.....{.| | ........| ---------- FIQ the Evoker Experience level: 1 Strength: 11 Dexterity: 15 Constitution: 13 Intelligence: 19 Wisdom: 8 Charisma: 9 Health: 0(11) Energy: 7(7) Def: 1 Gold: 798 Moves: 1829 Dungeon seed: uFo0LGZw5EeUDk_E Game ID: FIQ_1688198327 Your Inventory: Coins $ - 798 gold pieces Amulets u - a cursed amulet of change Weapons a - a blessed +1 quarterstaff (weapon in hands) Armor e - an uncursed +0 cloak of magic resistance (being worn) q - a blessed +0 orcish helm y - an uncursed +0 orcish helm Comestibles O - an uncursed lichen corpse Wands h - an uncursed wand of light (0:10) m - an uncursed wand of make invisible (0:5) r - an uncursed wand of striking (0:2) C - an uncursed wand of polymorph (0:5) E - an uncursed wand of striking (0:6) M - an uncursed wand of teleportation (0:6) Tools b - an uncursed bag of holding t - an uncursed blindfold w - an uncursed blindfold x - an uncursed lock pick H - an uncursed leather drum Gems n - an uncursed jasper stone z - 6 uncursed worthless pieces of blue glass A - an uncursed worthless piece of yellow glass B - 2 uncursed worthless pieces of orange glass F - an uncursed worthless piece of white glass N - 2 uncursed agate stones Y - an uncursed worthless piece of violet glass Contents of the bag of holding: a blessed scroll of amnesia a blessed scroll of blank paper 2 uncursed scrolls of blank paper an uncursed scroll of confuse monster an uncursed scroll of destroy armor an uncursed scroll of teleportation an uncursed spellbook of phase an uncursed potion of gain energy an uncursed potion of paralysis an uncursed potion of restore ability an uncursed +3 ring of increase accuracy Spells and supernatural/magical abilities: Name Level Category Cost Memory a - force bolt 1 attack 8pw 97% l - light 1 divination 12pw 97% m - magic missile 2 attack 16pw 97% S - stone to flesh 3 healing 37pw 97% W - pray for help -- divine ? -- Your skills at the end: Fighting Skills wands [Basic] Weapon Skills quarterstaff [Basic] Spellcasting Skills attack spells [Basic] enchantment spells [Basic] Final Attributes: You were nominally aligned. You were magic resistant. You had infravision. Thoth was noncommittal. You are dead. Vanquished creatures: a wizard a small mimic a rock mole a paper golem a little dog a homunculus a monkey 3 coyotes a hobbit a giant rat 2 cave spiders 2 yellow molds a gnome 7 garter snakes a fox 4 goblins 3 bats 3 lichens 3 newts 38 creatures vanquished. Voluntary challenges: You used a wielded weapon 2 times, starting on turn 1374. You were a pacifist. You were illiterate. You never genocided any monsters. You never polymorphed an object. You never changed form. You used no wishes. You never split a pudding. You never wrote Elbereth's name. You never violated your personal moral code. Dungeon overview: The Dungeons of Doom: levels 1 to 2 Level 1 a fountain a long staircase Level 2 an altar to Anhur, a fountain stairs to The Gnomish Mines The Gnomish Mines: levels 3 to 6 Level 3 stairs to The Dungeons of Doom Level 4 Level 5 Level 6 <- You were here some shops, a fountain History has recorded: On T:1 you entered the Dungeons of Doom to retrieve the Amulet of Yendor! On T:384 you reached level 2 of The Dungeons of Doom. On T:755 you reached level 1 of The Gnomish Mines. On T:1048 you reached level 2 of The Gnomish Mines. On T:1356 you reached level 3 of The Gnomish Mines. On T:1714 you reached level 4 of The Gnomish Mines. Score breakdown: Gold: 798 ( 9873 points) Experience: 1 level ( 0 points) Exploration: 6 levels ( 13.04%) (10000 points) Discoveries: 6 items ( 2.01%) ( 4256 points) Valuables value: (no points given unless you survive) Artifact value: 0 ( 0 points) Variety of kills: 19 monsters ( 5.00%) ( 6708 points) Turncount: 1829 turns ( 0 points) Survival: died (score multiplied by 80%) Total score: 24669 Latest messages: Patjitan turns to flee! You see a door open. You hear some noises in the distance. The large cat displaces the watchman. This door is locked. You succeed in picking the lock. You hear a door open. The door opens. You hear some noises in the distance. The shrieker shrieks. You hear some noises in the distance. (6x) The shrieker shrieks. You hear some noises in the distance. The pony kicks! The pony bites! You start playing the drum. You beat a deafening row! The shrieker turns to flee! The pony turns to flee! The pony kicks! You die... Final status: Goodbye FIQ the Wizard, killed by a pony... You died in The Gnomish Mines on dungeon level 6 with 24669 points, and 798 pieces of gold, after 1829 moves. You were level 1 with a maximum of 11 hit points when you died.